 Dungeon Crawl Stone Soup version 0.18.1-47-g9310371 (webtiles) character file.

51522 matakusis the Convoker (level 14, -42/68 HPs)
             Began as a Deep Elf Summoner on June 19, 2016.
             Was the Champion of Sif Muna.
             Annihilated by an Ice Fiend (49 damage)
             ... summoned by the player character
             ... on level 2 of the Orcish Mines on June 20, 2016.
             The game lasted 03:31:27 (28740 turns).

matakusis the Convoker (Deep Elf Summoner)         Turns: 28740, Time: 03:31:32

Health: -42/68     AC: 14    Str:  5    XL:     14   Next: 23%
Magic:  30/38      EV: 18    Int: 29    God:    Sif Muna [******]
Gold:   148        SH:  0    Dex: 13    Spells: 8 memorised, 6 levels left

rFire  + . .     SeeInvis +     i - +6 quarterstaff (chaos)
rCold  . . .     Gourm    .     U - +1 robe of Uluklidgh {rN+ Str-4 Int+3}
rNeg   + . .     Faith    .     (shield currently unavailable)
rPois  .         Spirit   .     y - +2 hat
rElec  .         Dismiss  +     V - +1 cloak of the Oligarchy {rF+ MR+}
rCorr  .         Reflect  .     K - +0 pair of gloves
SustAt .         Harm     .     o - +0 pair of boots
MR     +++..                    G - amulet "Gautete" {Dismiss *Confuse Str+4 SInv}
Stlth  ++........               d - ring of protection from magic
                                J - +3 ring of evasion

@: starving, studying 2 skills, extremely resistant to hostile enchantments,
unstealthy
A: claws 1, fangs 1, iridescent scales 1, molten scales 1, clumsy 1
a: Channel Energy, Forget Spell, Renounce Religion


You were on level 2 of the Orcish Mines.
You worshipped Sif Muna.
Sif Muna was exalted by your worship.
You were starving.

You visited 4 branches of the dungeon, and saw 21 of its levels.
You also visited: Labyrinth and Bailey.

You collected 2360 gold pieces.
You spent 2212 gold pieces at shops.

Inventory:

Hand Weapons
 i - a +6 quarterstaff of chaos (weapon)
Missiles
 s - 2 throwing nets (quivered)
Armour
 o - a +0 pair of boots (worn)
 y - a +2 hat (worn)
 A - a fire dragon hide
 K - a +0 pair of gloves (worn)
 U - the +1 robe of Uluklidgh (worn) {rN+ Str-4 Int+3}
   (You bought it in a shop on level 2 of the Orcish Mines)

   It affects your strength (-4).
   It affects your intelligence (+3).
   It protects you from negative energy.
 V - the +1 cloak of the Oligarchy (worn) {rF+ MR+}
   (You found it in a labyrinth)

   It protects you from fire.
   It affects your resistance to hostile enchantments.
Jewellery
 d - a ring of protection from magic (right hand)
 p - an uncursed ring of fire
 G - the amulet "Gautete" (around neck) {Dismiss *Confuse Str+4 SInv}
   (You took it off a crimson imp on level 8 of the Dungeon)

   [amulet of dismissal]

   It may teleport away creatures that harm you.
   It affects your strength (+4).
   It lets you see invisible.
   It may confuse you when you take damage.
 H - an uncursed ring of protection from fire
 J - a +3 ring of evasion (left hand)
Wands
 m - a wand of paralysis (10/24)
 D - a wand of hasting (3/9)
 F - a wand of polymorph (14/24)
 I - a wand of digging (21/24)
 M - a wand of paralysis (17/24)
 Q - a wand of teleportation (9/9)
 S - a wand of confusion (20/48)
 W - a wand of lightning (2/15)
Scrolls
 a - 4 scrolls of identify
 e - 5 scrolls of remove curse
 j - 2 scrolls of fear
 n - 2 scrolls of fog
 v - 2 scrolls of teleportation
 x - a scroll of brand weapon
 P - 2 scrolls of enchant weapon
 R - a scroll of enchant armour
Potions
 b - a potion of brilliance
 f - a potion of cancellation
 g - 2 potions of cure mutation
 h - 13 potions of curing
 q - 3 potions of flight
 w - 8 potions of might
 z - a potion of agility
 C - a potion of invisibility
Books
 u - Sif Muna's Volume of Attacks and the Escort
   (Sif Muna gifted it to you on level 6 of the Dungeon)

   Spells                             Type                      Level
   a - Summon Forest                  Summoning/Translocation      5
   b - Shadow Creatures               Summoning                    6
   c - Haunt                          Necromancy/Summoning         7
   d - Summon Hydra                   Summoning                    7
 B - Sif Muna's Guide on the Feathery Compass
   (Sif Muna gifted it to you on level 5 of the Lair of Beasts)

   Spells                             Type                      Level
   a - Passage of Golubria            Translocation                4
   b - Silence                        Hexes/Air                    5
   c - Conjure Ball Lightning         Conjuration/Air              6
   d - Poisonous Cloud                Conjuration/Poison/Air       6
 E - a manual of Shields
 N - Sif Muna's Catalogue of Enchantment and Attacks
   (Sif Muna gifted it to you on level 3 of the Lair of Beasts)

   Spells                             Type                      Level
   a - Magic Dart                     Conjuration                  1
   b - Metabolic Englaciation         Hexes/Ice                    5
   c - Chain Lightning                Conjuration/Air              8
 T - a Grand Grimoire

   Spells                             Type                      Level
   a - Monstrous Menagerie            Summoning                    7
   b - Summon Greater Demon           Summoning                    7
   c - Malign Gateway                 Summoning/Translocation      7
   d - Summon Horrible Things         Summoning                    8
 X - a manual of Fighting
Miscellaneous
 k - a lamp of fire
Comestibles
 c - 9 bread rations
 l - 8 meat rations
 r - 27 fruits
 t - 12 slices of pizza
 Z - 19 beef jerkies


   Skills:
 + Level 2.9 Staves
 + Level 6.5 Dodging
 - Level 2.4 Stealth
 + Level 18.0 Spellcasting
 + Level 6.2 Hexes
 * Level 19.1 Summonings
 - Level 0.2 Translocations
 - Level 0.2 Ice Magic


You had 6 spell levels left.
You knew the following spells:

 Your Spells              Type           Power        Failure   Level  Hunger
a - Summon Ice Beast      Ice/Summ       ######..     1%          4    None
b - Summon Greater Demon  Summ           #######...   1%          7    ####...
c - Summon Guardian Gole  Hex/Summ       #######.     1%          3    None
d - Summon Lightning Spi  Summ/Air       ######..     1%          4    None
e - Summon Forest         Summ/Tloc      ######....   1%          5    None
f - Summon Hydra          Summ           #######...   1%          7    ####...
g - Shadow Creatures      Summ           N/A          1%          6    ##.....
h - Monstrous Menagerie   Summ           #######...   1%          7    ####...


Dungeon Overview and Level Annotations

Branches:
Dungeon (10/15)            Temple (1/1) D:4            Lair (8/8) D:9
 Shoals (0/4) Lair:4       Spider (0/4) Lair:3        Slime (0/6) Lair:6
    Orc (2/2) D:10            Elf (0/3) Orc:2

Altars:
Ashenzari
Cheibriados
Dithmenos
Elyvilon
Fedhas
Gozag
Kikubaaqudgha
Makhleb
Nemelex Xobeh
Okawaru
Pakellas
Qazlal
Ru
Sif Muna
Trog
Vehumet
Xom
Yredelemnul
Zin
The Shining One
Beogh
Jiyva
Lugonu

Shops:
D:6 *:   D:9 }   D:10 *   Orc:2 (*:[


Innate Abilities, Weirdness & Mutations

You have sharp fingernails.
You have very sharp teeth.
You are partially covered in iridescent scales (AC +4).
You are partially covered in molten scales (AC +1).
You are clumsy. (Dex -2)


Message History

The bolt of cold hits the warg.
The warg dies!
You now have 122 gold pieces (gained 10).
You now have 138 gold pieces (gained 16).
Found 10 gold pieces.
You now have 148 gold pieces (gained 10).
The Ice Fiend breaks free of your control!
Found an escape hatch in the ceiling.
Casting: Summon Greater Demon
Confirm with . or Enter, or press ? or * to list all spells.
A six-headed hydra appears.
You are starving!
The Ice Fiend claws you! The Ice Fiend freezes you!!!
Ouch! That really hurt!
* * * LOW HITPOINT WARNING * * *
The Ice Fiend claws you!
* * * LOW HITPOINT WARNING * * *
The Ice Fiend freezes you!!!
Ouch! That really hurt!
You die...

##.#..........................
##..#.#...........#..##......
...$................#......
..#................#.....##
................#..##
#.#................#
#.#............#....## #
........1...........####
.......@.............#..
#...#....D....#.........
<............####..#....
.............# #####...
..#......#..## #...
............# ##.#
............. #.#
##.......#.#.. #... ##.##.#
###.# ##.#


You could see an Ice Fiend and a friendly six-headed hydra.

Vanquished Creatures
  A black mamba (Lair:7)
  A spiny frog (Lair:4)
  2 polar bears (Lair:8)
  A blink frog (Lair:6)
  A raiju (Lair:8)
  2 yaks
  2 porcupines
  3 ogres (Orc:2)
  2 centaurs
  2 crocodiles
  3 giant frogs
  A scorpion (Lair:2)
  A killer bee (D:9)
  A wight (D:9)
  A human zombie (D:8)
  2 hounds (Lair:8)
  An orc priest (Orc:2)
  A giant frog skeleton (D:7)
  An orc wizard (Orc:1)
  An iguana (Lair:6)
  A yak simulacrum (Lair:8)
  A polar bear simulacrum (Lair:8)
  4 sheep
  A mummy (D:8)
  2 gnolls (D:3)
  2 adders
  4 river rats
  A worm (D:4)
  A giant gecko (D:7)
  6 orcs
  4 goblins
  A hobgoblin (D:3)
  2 jackals (D:1)
  A bat (D:2)
  3 rats
  A river rat simulacrum (Lair:8)
  3 plants
68 creatures vanquished.

Vanquished Creatures (collateral kills)
  Maud (Orc:1)
  An ettin (Orc:1)
  Snorg (D:10)
  Josephine (Lair:5)
  A minotaur (Lab)
  A fire dragon (Lair:8)
  Harold (D:10)
  7 hydras
  Erica (Orc:1)
  A catoblepas (Lair:8)
  Erolcha (D:10)
  4 ogre magi (Orc:2)
  An orange crystal statue (D:9)
  A hill giant (D:10)
  A necromancer (Lair:8)
  Pikel (D:6)
  2 orc knights
  A griffon (Lair:4)
  A manticore (Lair:4)
  An oklob plant (Orc:1)
  An orc sorcerer (Orc:1)
  2 cyclopes
  26 elephants
  3 black mambas (Lair:8)
  Maurice (Orc:1)
  20 spiny frogs
  4 gargoyles (Lab)
  8 komodo dragons
  3 rime drakes
  A troll (D:9)
  8 polar bears
  A boulder beetle (Lair:7)
  14 two-headed ogres
  22 blink frogs
  4 raiju (Lair:8)
  Sigmund (D:6)
  5 wraiths
  Grum (D:8)
  4 wyverns
  38 yaks
  10 basilisks
  10 hippogriffs
  2 steam dragons (Lair:8)
  7 wargs
  2 mottled dragons (Lair:8)
  Edmund (D:5)
  8 water moccasins
  12 porcupines
  Duvessa (D:5)
  5 hell hounds (Lair:8)
  4 slaves (D:6)
  2 sky beasts
  24 orc warriors
  A wasp (D:7)
  15 black bears
  3 ice beasts
  A swamp drake (Lair:8)
  A necrophage (D:8)
  2 phantoms (D:10)
  27 ogres
  18 wolves
  A centaur (D:8)
  15 crocodiles
  5 big kobolds (D:8)
  An elf zombie (D:8)
  A gnoll sergeant (D:8)
  14 giant frogs
  2 wyvern skeletons (D:9)
  4 scorpions
  6 killer bees
  Dowan (D:5)
  A troll zombie (D:8)
  11 wights
  A howler monkey (D:9)
  3 electric eels (D:10)
  A centaur zombie (D:7)
  5 crimson imps
  A quasit (D:7)
  2 giant frog zombies
  3 jellies
  12 hounds
  Crazy Yiuf (D:3)
  A human zombie (D:8)
  A centaur skeleton (D:8)
  2 giant frog skeletons (D:10)
  12 orc priests
  16 orc wizards
  12 iguanas
  6 worker ants
  3 wolf simulacra (Lair:8)
  A yak simulacrum (Lair:8)
  3 polar bear simulacra (Lair:8)
  21 sheep
  A hound zombie (D:10)
  2 hound skeletons
  4 mummies (D:8)
  A worker ant zombie (D:9)
  8 adders
  5 gnolls
  36 river rats
  A shadow imp (D:8)
  2 oozes
  An adder skeleton (D:5)
  3 dart slugs
  5 giant geckos
  49 orcs
  2 bats
  6 giant cockroaches
  10 goblins
  6 hobgoblins
  20 jackals
  4 quokkas
  5 giant newts
  18 kobolds
  A quokka zombie (D:8)
  12 rats
  A river rat simulacrum (Lair:8)
  6 fungi
  12 plants
743 creatures vanquished.

Vanquished Creatures (others)
  A centaur skeleton (D:8)
  A killer bee (D:10)
  A ball lightning (D:4)
  A quokka (D:3)
  70 fungi
  31 plants
  2 snaplasher vines
  271 snaplasher vine segments
378 creatures vanquished.

Grand Total: 1189 creatures vanquished

Notes
Turn   | Place    | Note
--------------------------------------------------------------
     0 | D:1      | matakusis the Deep Elf Summoner began the quest for the Orb.
     0 | D:1      | Reached XP level 1. HP: 10/10 MP: 6/6
   541 | D:1      | Reached XP level 2. HP: 10/15 MP: 0/8
   628 | D:1      | Learned a level 2 spell: Call Imp
  1793 | D:2      | Reached XP level 3. HP: 19/19 MP: 3/10
  1800 | D:2      | Learned a level 3 spell: Summon Guardian Golem
  2122 | D:2      | Found a basalt altar of Yredelemnul.
  2681 | D:3      | Reached skill level 5 in Summonings
  2681 | D:3      | Reached XP level 4. HP: 18/24 MP: 3/12
  2905 | D:3      | Found a radiant altar of Vehumet.
  2989 | D:3      | Noticed Crazy Yiuf
  2993 | D:3      | Killed Crazy Yiuf
  2993 | D:3      | Reached skill level 5 in Spellcasting
  3204 | D:3      | Learned a level 4 spell: Summon Lightning Spire
  3309 | D:3      | Found a glowing golden altar of the Shining One.
  3438 | D:3      | Reached XP level 5. HP: 9/28 MP: 3/14
  3811 | D:3      | Found a blossoming altar of Fedhas.
  4167 | D:3      | Gained mutation: You are robust (+10% HP). [potion of mutation]
  4167 | D:3      | Gained mutation: Your system is resistant to poisons. [potion of mutation]
  4167 | D:3      | Gained mutation: Your natural rate of healing is unusually fast. [potion of mutation]
  4184 | D:4      | Found an iron altar of Okawaru.
  4271 | D:4      | Noticed an ogre
  4285 | D:4      | Killed an ogre
  4285 | D:4      | Reached skill level 6 in Summonings
  4300 | D:4      | Found a white marble altar of Elyvilon.
  4868 | D:5      | Entered Level 5 of the Dungeon
  5100 | D:5      | Gained mutation: Scrolls take you a little longer to read. [potion of mutation]
  5151 | D:5      | Found a deep blue altar of Sif Muna.
  5160 | D:5      | Became a worshipper of Sif Muna the Loreminder
  5166 | D:5      | Learned a level 4 spell: Summon Ice Beast
  5180 | D:5      | Reached XP level 6. HP: 33/35 MP: 9/16
  5224 | D:5      | Noticed Edmund
  5285 | D:5      | Killed Edmund
  5317 | D:5      | You fall through a shaft for 3 floors!
  5438 | D:8      | Reached skill level 7 in Summonings
  5513 | D:7      | Noticed an ice beast
  5519 | D:7      | Killed an ice beast
  5519 | D:7      | Reached skill level 1 in Staves
  5742 | D:7      | Reached XP level 7. HP: 15/39 MP: 18/18
  5839 | D:7      | Reached * piety under Sif Muna
  5839 | D:7      | Reached skill level 8 in Summonings
  5850 | D:7      | Found a bloodstained altar of Trog.
  6078 | D:4      | Found a staircase to the Ecumenical Temple.
  6121 | Temple   | Entered the Ecumenical Temple
  6408 | D:5      | Noticed Duvessa
  6408 | D:5      | Noticed Dowan
  6474 | D:5      | Killed Dowan
  6478 | D:5      | Killed Duvessa
  6664 | D:5      | Lost mutation: Your natural rate of healing is unusually fast. [mutagenic meat]
  6854 | D:5      | Lost mutation: You are robust (+10% HP). [potion of cure mutation]
  6854 | D:5      | Lost mutation: Your system is resistant to poisons. [potion of cure mutation]
  6854 | D:5      | Lost mutation: Scrolls take you a little longer to read. [potion of cure mutation]
  6880 | D:6      | Noticed Sigmund
  6882 | D:6      | Killed Sigmund
  6882 | D:6      | Reached skill level 9 in Summonings
  6882 | D:6      | Reached XP level 8. HP: 41/41 MP: 12/21
  7116 | D:6      | Found Eshroj's General Store.
  7300 | D:6      | Found Nihucrik's Book Shoppe.
  7354 | D:6      | Noticed Pikel
  7381 | D:6      | Killed Pikel
  7381 | D:6      | Reached ** piety under Sif Muna
  8208 | D:7      | Reached skill level 10 in Summonings
  8444 | D:7      | Got a translucent ring mail
  8447 | D:7      | Identified the cursed +0 ring mail of Patience {rF- Regen+ Str+3} (You found it on level 7 of the Dungeon)
  9116 | D:8      | Reached *** piety under Sif Muna
  9131 | D:8      | Reached XP level 9. HP: 45/45 MP: 19/24
  9224 | D:8      | Noticed Grum
  9233 | D:8      | Killed Grum
  9236 | D:8      | Reached skill level 11 in Summonings
  9346 | D:8      | Found a blossoming altar of Fedhas.
  9362 | D:8      | Gained mutation: Potions and wands are less effective at restoring your health. [mutagenic meat]
  9363 | D:8      | Gained mutation: Your body sometimes deteriorates upon taking damage. [mutagenic meat]
  9364 | D:8      | Gained mutation: You are partially covered in iridescent scales (AC +4). [mutagenic meat]
  9365 | D:8      | Lost mutation: Potions and wands are less effective at restoring your health. [potion of cure mutation]
  9365 | D:8      | Lost mutation: Your body sometimes deteriorates upon taking damage. [potion of cure mutation]
  9366 | D:8      | Gained mutation: You are clumsy. (Dex -2) [mutagenic meat]
  9367 | D:8      | Gained mutation: You have sharp fingernails. [mutagenic meat]
  9710 | D:8      | Reached skill level 10 in Spellcasting
  9856 | D:8      | Found an ancient bone altar of Kikubaaqudgha.
  9996 | D:8      | Got a crude ruby amulet
 10009 | D:8      | Identified the amulet "Gautete" {Dismiss *Confuse Str+4 SInv} (You took it off a crimson imp on level 8 of the Dungeon)
 10184 | D:9      | Found a burning altar of Makhleb.
 10186 | D:9      | Noticed a cacodemon
 10189 | D:9      | Found a staircase to the Lair.
 10199 | D:9      | Found a glowing silver altar of Zin.
 10199 | D:9      | Noticed an angel
 10216 | D:9      | Reached **** piety under Sif Muna
 10223 | D:9      | Found a shimmering altar of Xom.
 10224 | D:9      | Found a shimmering altar of Xom.
 10224 | D:9      | Found a shimmering altar of Xom.
 10233 | D:9      | Found a shimmering altar of Xom.
 10234 | D:9      | Found a shimmering altar of Xom.
 10235 | D:9      | Found a shimmering altar of Xom.
 10236 | D:9      | Found a shimmering altar of Xom.
 10236 | D:9      | Found a shimmering altar of Xom.
 10238 | D:9      | Found a shimmering altar of Xom.
 10391 | D:9      | Found a shattered altar of Ashenzari.
 10415 | D:9      | Noticed a troll
 10418 | D:9      | Reached skill level 12 in Summonings
 10423 | D:9      | Killed a troll
 10586 | D:9      | Noticed an orange crystal statue
 10623 | D:9      | Noticed a catoblepas
 10952 | D:9      | Killed an orange crystal statue
 11027 | D:9      | Reached XP level 10. HP: 50/50 MP: 7/26
 11145 | D:9      | Reached ***** piety under Sif Muna
 11221 | D:9      | Noticed a guardian serpent
 11223 | D:9      | Noticed a moth of wrath
 11265 | D:9      | Noticed a ghost crab
 11396 | D:9      | Found Qexkavyz's Gadget Emporium.
 11477 | Lair:1   | Entered Level 1 of the Lair of Beasts
 11477 | Lair:1   | Noticed a spiny frog
 11484 | Lair:1   | Killed a spiny frog
 11484 | Lair:1   | Reached skill level 5 in Dodging
 11502 | Lair:1   | Noticed a spiny frog
 11515 | Lair:1   | Killed a spiny frog
 11519 | Lair:1   | Noticed a spiny frog
 11534 | Lair:1   | Killed a spiny frog
 11634 | Lair:1   | Noticed a seven-headed hydra
 11641 | Lair:1   | Killed a seven-headed hydra
 11934 | Lair:1   | Reached skill level 13 in Summonings
 12350 | Lair:2   | Noticed a spiny frog
 12354 | Lair:2   | Killed a spiny frog
 12380 | Lair:2   | Noticed a spiny frog
 12391 | Lair:2   | Killed a spiny frog
 12774 | Lair:2   | Noticed a spiny frog
 12781 | Lair:2   | Killed a spiny frog
 13573 | Lair:3   | Noticed an elephant
 13574 | Lair:3   | Noticed an elephant
 13576 | Lair:3   | Noticed an elephant
 13576 | Lair:3   | Noticed an elephant
 13577 | Lair:3   | Noticed an elephant
 13598 | Lair:3   | Noticed a spiny frog
 13639 | Lair:3   | Killed a spiny frog
 13784 | Lair:3   | Noticed a four-headed hydra
 13792 | Lair:3   | Killed a four-headed hydra
 13792 | Lair:3   | Reached ****** piety under Sif Muna
 13795 | Lair:3   | Received a gift from Sif Muna
 13800 | Lair:3   | Reached skill level 14 in Summonings
 13801 | Lair:3   | Identified Sif Muna's Catalogue of Enchantment and Attacks (Sif Muna gifted it to you on level 3 of the Lair of Beasts)
 13821 | Lair:3   | Found a hole to the Spider Nest.
 13896 | Lair:3   | Killed an elephant
 14366 | Lair:3   | Reached XP level 11. HP: 54/54 MP: 14/29
 14784 | Lair:4   | Noticed a six-headed hydra
 14830 | Lair:4   | Killed a six-headed hydra
 14951 | Lair:4   | Noticed a griffon
 14952 | Lair:4   | Found a staircase to the Shoals.
 14964 | Lair:4   | Killed a griffon
 16022 | D:6      | Bought a potion of experience for 700 gold pieces
 16022 | D:6      | Received a gift from Sif Muna
 16022 | D:6      | Reached skill level 15 in Summonings
 16022 | D:6      | Reached XP level 12. HP: 59/59 MP: 30/32
 16025 | D:6      | Identified Sif Muna's Volume of Attacks and the Escort (Sif Muna gifted it to you on level 6 of the Dungeon)
 16033 | D:6      | Learned a level 5 spell: Summon Forest
 16041 | D:6      | Learned a level 7 spell: Summon Hydra
 16048 | D:6      | Learned a level 6 spell: Shadow Creatures
 16256 | Lair:5   | Noticed a seven-headed hydra
 16267 | Lair:5   | Killed a seven-headed hydra
 16267 | Lair:5   | Reached skill level 15 in Spellcasting
 16831 | Lair:5   | Noticed an eight-headed hydra
 17433 | Lair:5   | Killed an eight-headed hydra
 17433 | Lair:5   | Received a gift from Sif Muna
 17434 | Lair:5   | Identified Sif Muna's Guide on the Feathery Compass (Sif Muna gifted it to you on level 5 of the Lair of Beasts)
 17576 | Lair:5   | Noticed Josephine
 17580 | Lair:5   | Killed Josephine
 17583 | Lair:5   | Reached skill level 16 in Summonings
 18280 | Lair:6   | Found a staircase to the Slime Pits.
 18281 | Lair:6   | Found a viscous altar of Jiyva.
 18423 | Lair:6   | Noticed an eight-headed hydra
 18627 | Lair:6   | Got a steaming chain mail
 18659 | Lair:6   | Found a white marble altar of Elyvilon.
 18697 | Lair:6   | Killed an eight-headed hydra
 19348 | Lair:6   | Identified the +6 chain mail "Oni Bet" {+Inv rC++ rN+ Str-2} (You found it on level 6 of the Lair of Beasts)
 19404 | Lair:6   | Reached XP level 13. HP: 63/63 MP: 20/35
 19704 | Lair:7   | Found a labyrinth entrance.
 19713 | Lab      | Entered a labyrinth
 20106 | Lab      | Noticed a minotaur
 20113 | Lab      | Killed a minotaur
 20710 | Lab      | Got a heavily runed cloak
 20722 | Lab      | Identified the +1 cloak of the Oligarchy {rF+ MR+} (You found it in a labyrinth)
 20897 | Lair:7   | Reached skill level 17 in Summonings
 21220 | Lair:7   | Received a gift from Sif Muna
 21223 | Lair:7   | Identified Sif Muna's Compendium of Execration and Confrontation (Sif Muna gifted it to you on level 7 of the Lair of Beasts)
 22102 | Lair:8   | Entered Level 8 of the Lair of Beasts
 23183 | Lair:8   | Got a slimy plate armour
 23274 | Lair:8   | Identified the +5 plate armour of the Stars {rC- Dex+7} (You found it on level 8 of the Lair of Beasts)
 24089 | Lair:8   | Reached skill level 18 in Summonings
 24843 | Lair:8   | Noticed a fire dragon
 24848 | Lair:8   | Killed a fire dragon
 25318 | D:10     | Entered Level 10 of the Dungeon
 25363 | D:10     | Found a flagged portal.
 25373 | Bailey   | Entered a bailey
 25476 | Bailey   | Received a gift from Sif Muna
 25477 | Bailey   | Identified Sif Muna's Incunabulum of Scorching Black Rites (Sif Muna gifted it to you in a bailey)
 25666 | Bailey   | Found a roughly hewn altar of Beogh.
 25687 | Bailey   | Identified a scroll of acquirement
 25688 | Bailey   | Got a faintly glowing emerald amulet
 25690 | Bailey   | Identified the amulet "Quyssese" {Harm *Drain Stlth+} (You acquired it in a bailey)
 26118 | D:10     | Noticed Harold
 26164 | D:10     | Killed Harold
 26607 | D:10     | Found Mikekiek's General Store.
 26688 | D:10     | Found a staircase to the Orcish Mines.
 26765 | D:10     | Noticed Erolcha
 26771 | D:10     | Killed Erolcha
 26929 | D:10     | Gained mutation: You are partially covered in molten scales (AC +1). [potion of mutation]
 26929 | D:10     | Gained mutation: You have very sharp teeth. [potion of mutation]
 27160 | D:10     | Noticed Snorg
 27164 | D:10     | Killed Snorg
 27268 | Orc:1    | Entered Level 1 of the Orcish Mines
 27291 | Orc:1    | Noticed Maud
 27300 | Orc:1    | Noticed Maurice
 27306 | Orc:1    | Noticed Erica
 27307 | Orc:1    | Killed Maud
 27307 | Orc:1    | Reached XP level 14. HP: 68/68 MP: 16/37
 27310 | Orc:1    | Killed Maurice
 27506 | Orc:1    | Killed Erica
 27770 | Orc:1    | Found a roughly hewn altar of Beogh.
 27966 | Orc:2    | Entered Level 2 of the Orcish Mines
 27966 | Orc:2    | Found a staircase to the Elven Halls.
 28232 | Orc:2    | Reached skill level 19 in Summonings
 28487 | Orc:2    | Found Bugos's Weapon Boutique.
 28487 | Orc:2    | Found Xecwigeu's General Store.
 28488 | Orc:2    | Found Inwel's Book Emporium.
 28488 | Orc:2    | Found Qaucsoa's Antique Armour Shop.
 28500 | Orc:2    | Bought a Grand Grimoire for 1324 gold pieces
 28504 | Orc:2    | Bought a transparent robe for 188 gold pieces
 28516 | Orc:2    | Identified the cursed +1 robe of Uluklidgh {rN+ Str-4 Int+3} (You bought it in a shop on level 2 of the Orcish Mines)
 28527 | Orc:2    | Learned a level 7 spell: Summon Greater Demon
 28535 | Orc:2    | Learned a level 7 spell: Monstrous Menagerie
 28572 | Orc:2    | Found a roughly hewn altar of Beogh.
 28740 | Orc:2    | Annihilated by an Ice Fiend

Skill      XL: |  1  2  3  4  5  6  7  8  9 10 11 12 13 14 |
---------------+-------------------------------------------+-----
Spellcasting   | 4 5 6 7 9 10 12 14 16 17 18 | 18.0
Summonings     | 5 6 7 9 10 12 14 15 16 18 19 | 19.1
Staves         | 1 2 |  2.9
Dodging        | 3 4 5 6 |  6.5
Hexes          | 6 |  6.2
Stealth        | |  2.4
Translocations | |  0.2
Ice Magic      | |  0.2

Action                   |  1- 3 |  4- 6 |  7- 9 | 10-12 | 13-15 || total
-------------------------+-------+-------+-------+-------+-------++-------
Melee: Short sword       |    29 |     1 |       |       |       ||    30
       Quarterstaff      |       |    51 |    53 |    47 |   161 ||   312
       Bite              |       |       |       |       |     5 ||     5
 Cast: Summon Small Mamm |    29 |     1 |       |       |       ||    30
       Call Imp          |    39 |    29 |       |       |       ||    68
       Summon Guardian G |     6 |     5 |       |       |       ||    11
       Summon Lightning  |       |    26 |    63 |    85 |    98 ||   272
       Summon Ice Beast  |       |     2 |    58 |   104 |    37 ||   201
       Summon Hydra      |       |       |       |    37 |   136 ||   173
       Summon Forest     |       |       |       |     3 |     5 ||     8
       Shadow Creatures  |       |       |       |     3 |     1 ||     4
       Monstrous Menager |       |       |       |       |     4 ||     4
       Summon Greater De |       |       |       |       |     2 ||     2
Invok: Channel Energy    |       |       |       |       |     7 ||     7
Evoke: Wand              |       |       |       |     1 |       ||     1
  Use: Scroll            |     3 |     4 |     6 |    16 |    13 ||    42
       Potion            |     3 |     3 |     8 |     9 |     1 ||    24
 Stab: Sleeping          |     3 |       |       |       |       ||     3
       Distracted        |       |       |     1 |     2 |     5 ||     8
  Eat: Chunk             |     6 |    14 |    28 |    34 |    55 ||   137
       Pizza             |     1 |       |       |       |       ||     1
       Beef jerky        |       |       |     1 |     1 |     1 ||     3
       Royal jelly       |       |       |       |     1 |       ||     1
       Meat ration       |       |       |       |       |     2 ||     2
Armor: Robe              |    18 |     8 |    21 |    32 |     3 ||    82
       Troll leather arm |       |       |       |     6 |    70 ||    76
Dodge: Dodged            |    53 |    27 |    68 |    81 |   219 ||   448
